 Dungeon Sprint DCSS version 0.28.0-43-g3370ac3207 (webtiles) character file.

Game seed: 16635460392553431379

21564 smarlow the Ninja (level 12, -6/71 HPs)
             Began as a Spriggan Brigand on Mar 15, 2022.
             Was the Champion of Dithmenos.
             Mangled by the 27-headed Lernaean hydra (7 damage)
             ... in the Dungeon (Sprint I: "Red Sonja").
             The game lasted 00:12:23 (2355 turns).

smarlow the Ninja (Spriggan Brigand)                Turns: 2355, Time: 00:12:24

Health: -6/71      AC:  3    Str: 13    XL:     12   Next: 55%
Magic:  33/33      EV: 38    Int: 13    God:    Dithmenos [******]
Gold:   875        SH:  5    Dex: 21    Spells: 44/44 levels left

rFire   + . .      SeeInvis +   p - +0 short sword (distort)
rCold   . . .      Faith    .   (no shield)
rNeg    . . .      Spirit   .   b - +0 robe
rPois   .          Reflect  +   (helmet restricted)
rElec   .          Harm     .   c - +0 cloak
rCorr   .          Rampage  .   (gloves unavailable)
Will    ++...      NoTele   +   (boots unavailable) Stlth *********+
                                o - amulet of reflection
HPRegen 0.21/turn               q - +6 ring of strength
MPRegen 0.23/turn               v - ring "Naufe" {rF+ EV+4}

@: attractive, hasted, wreathed by umbra, very quick
A: very small, no large weapons, unfitting armour, see invisible, speed 3
a: Renounce Religion, Shadow Step, Shadow Form


You were in the Dungeon.
You worshipped Dithmenos.
Dithmenos was exalted by your worship.
You visited 1 branch You collected 1956 gold pieces.
You spent 1081 gold pieces at shops.

Inventory:

Hand Weapons
 a - a +2 dagger
 p - a +0 short sword of distortion (weapon)
Missiles
 d - 8 poisoned darts (quivered)
 e - 5 curare-tipped darts
Armour
 b - a +0 robe (worn)
 c - a +0 cloak (worn)
Jewellery
 o - an amulet of reflection (around neck)
 q - a +6 ring of strength (left hand)
 v - the ring "Naufe" (right hand) {rF+ EV+4}
   (You found it in the Dungeon)

   [ring of evasion]

   EV:        It affects your evasion (+4).
   rF:        It protects you from fire.
Wands
 j - a wand of paralysis (4)
 l - a wand of flame (25)
 r - a wand of iceblast (11)
Scrolls
 g - a scroll of summoning
 n - 3 scrolls of identify
 w - a scroll of enchant armour {unknown}
Potions
 f - 4 potions of curing
 i - 2 potions of magic
 m - 5 potions of attraction
 s - a potion of resistance
 t - 2 potions of mutation
 u - a potion of might {unknown}


   Skills:
 + Level 12.1 Fighting
 + Level 15.4 Short Blades
 - Level 2.0 Throwing
 + Level 18.0 Dodging
 O Level 27 Stealth
 + Level 16.6 Spellcasting
 + Level 0.0 Evocations


You had 44 spell levels left.
You didn't know any spells.
Your spell library contained the following spells:

 Spells                   Type           Power      Damage    Failure   Level
 Beastly Appendage        Tmut           20%        N/A       6%          1
 Corpse Rot               Necr/Air       20%        N/A       9%          2
 Passwall                 Tmut/Erth      8%         N/A       9%          2
 Poisonous Vapours        Pois/Air       20%        N/A       9%          2
 Wereblood                Tmut           10%        N/A       9%          2
 Spider Form              Tmut/Pois      10%        N/A       17%         3
 Ice Form                 Ice/Tmut       10%        N/A       50%         4
 Eringya's Noxious Bog    Tmut/Pois      5%         N/A       100%        6


Dungeon Overview and Level Annotations

Branches:
Dungeon (1/1)

Altars:
Cheibriados
Dithmenos
Elyvilon
Fedhas
Gozag
Hepliaklqana
Kikubaaqudgha
Makhleb
Nemelex Xobeh
Okawaru
Qazlal
Ru
Sif Muna
Trog
Uskayaw
Vehumet
Wu Jian
Xom
Yredelemnul
Zin
The Shining One
Jiyva
Lugonu

Shops:
D (=?*(=?(*===[!:!?*[[(

Annotations:
D exclusion: oklob plant, Lernaean hydra, Tiamat


Innate Abilities, Weirdness & Mutations

You are very small and have problems with some larger weapons.
You are too small for most types of armour.
You have supernaturally acute eyesight. (SInv)
You cover ground extremely quickly. (Speed+++)


Message History

The 27-headed Lernaean hydra is attracted toward you.
The 27-headed Lernaean hydra is attracted toward you.
You see here a hornet corpse.
You see here a hornet corpse.
The 27-headed Lernaean hydra is attracted toward you.
Things that are here:
a +0 spear; a merfolk corpse The 27-headed Lernaean hydra is attracted toward you.
Things that are here:
a +0 short sword; a +0 spear; a merfolk corpse The 27-headed Lernaean hydra is attracted toward you.
There is an open door here.
The 27-headed Lernaean hydra is engulfed in a cloud of scalding steam.
The 27-headed Lernaean hydra is attracted toward you.
The 27-headed Lernaean hydra is engulfed in a cloud of scalding steam.
The 27-headed Lernaean hydra bites you.
The 27-headed Lernaean hydra barely misses you.
The 27-headed Lernaean hydra completely misses you.
The 27-headed Lernaean hydra misses you.
The 27-headed Lernaean hydra bites you!
You emit a cloud of dark smoke.
The 27-headed Lernaean hydra bites you. The 27-headed Lernaean hydra bites you!
The 27-headed Lernaean hydra bites you but does no damage.
You block the 27-headed Lernaean hydra's attack.
The 27-headed Lernaean hydra completely misses you.
The 27-headed Lernaean hydra bites you but does no damage.
The 27-headed Lernaean hydra closely misses you. x2
The 27-headed Lernaean hydra completely misses you.
The 27-headed Lernaean hydra misses you.
The 27-headed Lernaean hydra bites you!
You emit a cloud of dark smoke.
The 27-headed Lernaean hydra closely misses you. x2
The 27-headed Lernaean hydra misses you.
The 27-headed Lernaean hydra completely misses you.
The 27-headed Lernaean hydra bites you. The 27-headed Lernaean hydra bites you!
* * * LOW HITPOINT WARNING * * *
The 27-headed Lernaean hydra bites you!
* * * LOW HITPOINT WARNING * * *
The 27-headed Lernaean hydra completely misses you. x2
You block the 27-headed Lernaean hydra's attack.
The 27-headed Lernaean hydra bites you!
You die...

######################
§§§§§§§§§.'..#§§@§§§§#
####§§§§§##..'§D#§§§.##
# ##§.§#######§#.§§§§#
# ###+# $(##.§#.§§§§# #
#.##$$$#.§##.§§§#
#§.###$#.§≈###§##
##§#A#$#.†≈.)#§#
#§.###$#.§≈.##+# #
#.##..$#..≈##...§


You could see the 27-headed Lernaean hydra.

Vanquished Creatures
  4 fire giants (D)
  A deep elf annihilator (D)
  A mummy priest (D)
  A hydra (D)
  2 centaur warriors (D)
  Sonja (D)
  A deep troll (D)
  A lindwurm (D)
  8 shining eyes (D)
  2 merfolk sirens (D)
  A gargoyle (D)
  7 unseen horrors (D)
  4 demonic crawlers (D)
  2 kobold demonologists (D)
  A hellwing (D)
  5 hornets (D)
  A slime creature (D)
  A yak (D)
  Sigmund (D)
  9 hogs (D)
  2 redbacks (D)
  7 floating eyes (D)
  7 necrophages (D)
  An ogre (D)
  7 jellies (D)
  Ijyb (D)
  A ballistomycete spore (D)
80 creatures vanquished.

Vanquished Creatures (others)
  A ballistomycete spore (D)
1 creature vanquished.

Grand Total: 81 creatures vanquished

Notes
Turn   | Place    | Note
-------+----------+-------------------------------------------
     0 | D        | smarlow the Spriggan Brigand began the quest for the Orb.
     0 | D        | Reached XP level 1. HP: 10/10 MP: 2/2
     2 | D        | Noticed Ijyb
     6 | D        | Killed Ijyb
     7 | D        | Reached skill level 10 in Stealth
     7 | D        | Reached XP level 2. HP: 14/14 MP: 3/3
   109 | D        | Noticed an ogre
   112 | D        | Killed an ogre
   113 | D        | Reached skill level 14 in Stealth
   113 | D        | Reached XP level 3. HP: 18/18 MP: 4/4
   113 | D        | Reached XP level 4. HP: 22/22 MP: 5/5
   125 | D        | Noticed Sigmund
   128 | D        | Killed Sigmund
   129 | D        | Reached skill level 18 in Stealth
   129 | D        | Reached XP level 5. HP: 25/25 MP: 6/6
   141 | D        | Found an ornate altar of the Wu Jian Council.
   141 | D        | Found a shimmering blue altar of Sif Muna.
   143 | D        | Found a radiant altar of Vehumet.
   148 | D        | Reached skill level 19 in Stealth
   148 | D        | Reached XP level 6. HP: 30/30 MP: 7/7
   150 | D        | Found Cotid's Assorted Antiques.
   150 | D        | Found an ancient bone altar of Kikubaaqudgha.
   150 | D        | Found a hazy altar of Hepliaklqana.
   150 | D        | Found a stormy altar of Qazlal.
   150 | D        | Found a hide-covered altar of Uskayaw.
   150 | D        | Found a blossoming altar of Fedhas.
   150 | D        | Found a bloodstained altar of Trog.
   150 | D        | Found an iron altar of Okawaru.
   150 | D        | Found a basalt altar of Yredelemnul.
   150 | D        | Found a glowing golden altar of the Shining One.
   150 | D        | Found a snail-covered altar of Cheibriados.
   150 | D        | Found a sacrificial altar of Ru.
   150 | D        | Found a glowing silver altar of Zin.
   150 | D        | Found a shadowy altar of Dithmenos.
   150 | D        | Found a white marble altar of Elyvilon.
   150 | D        | Noticed a yak
   151 | D        | Found an opulent altar of Gozag.
   152 | D        | Killed a yak
   153 | D        | Reached skill level 21 in Stealth
   153 | D        | Found a sparkling altar of Nemelex Xobeh.
   159 | D        | Became a worshipper of Dithmenos the Shadowed
   198 | D        | Found a viscous altar of Jiyva.
   198 | D        | Found a corrupted altar of Lugonu.
   198 | D        | Noticed a slime creature
   199 | D        | Found a burning altar of Makhleb.
   199 | D        | Found a shimmering altar of Xom.
   201 | D        | Killed a slime creature
   202 | D        | Reached skill level 23 in Stealth
   202 | D        | Reached XP level 7. HP: 33/33 MP: 8/8
   209 | D        | Noticed Sonja
   213 | D        | Killed Sonja
   214 | D        | Reached skill level 26 in Stealth
   214 | D        | Reached XP level 8. HP: 37/37 MP: 9/9
   428 | D        | Found Ekleir's Weapon Boutique.
   448 | D        | Noticed a deep troll
   452 | D        | Killed a deep troll
   452 | D        | Reached * piety under Dithmenos
   453 | D        | Reached skill level 27 in Stealth
   462 | D        | Found Hasepn's Armour Emporium.
   514 | D        | Noticed a kobold demonologist
   515 | D        | Noticed a kobold demonologist
   517 | D        | Killed a kobold demonologist
   518 | D        | Reached skill level 5 in Dodging
   519 | D        | Reached skill level 5 in Short Blades
   519 | D        | Reached XP level 9. HP: 45/45 MP: 13/17
   520 | D        | Killed a kobold demonologist
   520 | D        | Reached ** piety under Dithmenos
   521 | D        | Reached skill level 5 in Spellcasting
   526 | D        | Noticed a demonic crawler
   526 | D        | Noticed a demonic crawler
   526 | D        | Noticed a demonic crawler
   526 | D        | Noticed a demonic crawler
   528 | D        | Killed a demonic crawler
   529 | D        | Killed a demonic crawler
   530 | D        | Reached skill level 5 in Fighting
   531 | D        | Killed a demonic crawler
   531 | D        | Reached *** piety under Dithmenos
   532 | D        | Killed a demonic crawler
   546 | D        | Noticed a lindwurm
   548 | D        | Killed a lindwurm
   563 | D        | Reached XP level 10. HP: 43/53 MP: 18/23
   576 | D        | Reached skill level 10 in Dodging
   582 | D        | Reached **** piety under Dithmenos
   617 | D        | Reached skill level 10 in Spellcasting
   629 | D        | Reached ***** piety under Dithmenos
   855 | D        | Noticed a 12-headed hydra
   857 | D        | Killed a 12-headed hydra
   858 | D        | Reached skill level 10 in Short Blades
   902 | D        | Noticed a centaur warrior
   902 | D        | Noticed a centaur warrior
   915 | D        | Killed a centaur warrior
   920 | D        | Killed a centaur warrior
  1156 | D        | Bought a puce potion for 19 gold pieces
  1185 | D        | Noticed an oklob plant
  1198 | D        | Banished an oklob plant
  1199 | D        | Reached XP level 11. HP: 35/60 MP: 26/28
  1673 | D        | Reached ****** piety under Dithmenos
  1760 | D        | Found Luqatoog's Antique Weapon Shoppe.
  1769 | D        | Found Pemneiru's General Store.
  1770 | D        | Found Cicosoep's General Store.
  1770 | D        | Found Ninun's Weapon Emporium.
  1782 | D        | Got the Grimoire of Moulding and Intoxication
  1787 | D        | Found Saemog's Armour Emporium.
  1788 | D        | Found Volang's Magic Scroll Shop.
  1814 | D        | Found Sichuc's Jewellery Emporium.
  1814 | D        | Found Iboargh's Jewellery Shop.
  1814 | D        | Found Xuiverua's Jewellery Shoppe.
  1814 | D        | Found Haschailo's Antique Armour Boutique.
  1814 | D        | Found Usula's Distillery.
  1814 | D        | Found Nujodat's Book Shop.
  1814 | D        | Found Raru's Distillery.
  1816 | D        | Bought a scroll of identify for 26 gold pieces
  1816 | D        | Found Ketewak's Magic Scroll Boutique.
  1821 | D        | Bought a potion of attraction for 42 gold pieces
  1821 | D        | Bought a potion of attraction for 42 gold pieces
  1821 | D        | Bought a potion of attraction for 42 gold pieces
  1823 | D        | Bought a potion of resistance for 140 gold pieces
  1825 | D        | Bought a potion of mutation for 80 gold pieces
  1825 | D        | Bought a potion of attraction for 30 gold pieces
  1825 | D        | Bought a potion of mutation for 80 gold pieces
  1825 | D        | Bought a potion of attraction for 30 gold pieces
  1888 | D        | Noticed a shining eye
  1888 | D        | Noticed a shining eye
  1888 | D        | Noticed a shining eye
  1888 | D        | Noticed a shining eye
  1888 | D        | Noticed a shining eye
  1888 | D        | Noticed a shining eye
  1889 | D        | Killed a shining eye
  1890 | D        | Killed a shining eye
  1892 | D        | Killed a shining eye
  1894 | D        | Killed a shining eye
  1896 | D        | Killed a shining eye
  1897 | D        | Reached skill level 10 in Fighting
  1897 | D        | Reached skill level 15 in Dodging
  1897 | D        | Killed a shining eye
  1899 | D        | Noticed a shining eye
  1899 | D        | Noticed a shining eye
  1901 | D        | Killed a shining eye
  1902 | D        | Killed a shining eye
  2004 | D        | Found Arydwist's Antique Weapon Shop.
  2004 | D        | Found Heydghui's Jewellery Shoppe.
  2004 | D        | Found Somehuop's Jewellery Boutique.
  2004 | D        | Found Ekunyxol's Magic Scroll Emporium.
  2011 | D        | Bought an amulet of reflection for 300 gold pieces
  2032 | D        | Bought a ring of protection from fire for 250 gold pieces
  2140 | D        | Noticed a shadow dragon
  2140 | D        | Noticed a golden dragon
  2163 | D        | Noticed a daeva
  2227 | D        | Noticed a fire giant
  2229 | D        | Killed a fire giant
  2230 | D        | Reached skill level 15 in Spellcasting
  2230 | D        | Reached XP level 12. HP: 70/70 MP: 30/32
  2232 | D        | Noticed a fire giant
  2234 | D        | Killed a fire giant
  2235 | D        | Noticed a fire giant
  2237 | D        | Killed a fire giant
  2238 | D        | Noticed a fire giant
  2240 | D        | Killed a fire giant
  2245 | D        | Identified the ring "Naufe" {rF+ EV+4}
  2266 | D        | Found the +4 dragonskin cloak
  2266 | D        | Noticed Tiamat
  2314 | D        | Noticed a deep elf annihilator
  2317 | D        | Killed a deep elf annihilator
  2318 | D        | Reached skill level 15 in Short Blades
  2328 | D        | Noticed a mummy priest
  2329 | D        | Killed a mummy priest
  2342 | D        | Noticed the 27-headed Lernaean hydra
  2355 | D        | HP: 1/71 [the 27-headed Lernaean hydra (9)]
  2355 | D        | Mangled by the 27-headed Lernaean hydra

Illustrated notes

Levels and vault maps discovered:
D:        dungeon_sprint_1 [red_sonja_temple_1, red_sonja_temple_small_1]

Skill      XL: |  1  2  3  4  5  6  7  8  9 10 11 12 |
---------------+-------------------------------------+-----
Stealth        | 10 14 18 19 23 26 27 | 27.0
Fighting       | 3 6 8 11 12 | 12.1
Short Blades   | 5 8 11 14 15 | 15.4
Dodging        | 5 9 13 16 18 | 18.0
Spellcasting   | 4 8 12 15 16 | 16.6
Throwing       | |  2.0

Action                   |  1- 3 |  4- 6 |  7- 9 | 10-12 || total
-------------------------+-------+-------+-------+-------++-------
Melee: Dagger            |     4 |     4 |     1 |       ||     9
       Short sword       |       |       |    12 |   168 ||   180
       Punch             |       |       |       |     3 ||     3
  Use: Potion            |       |       |       |     7 ||     7
       Scroll            |       |       |       |     3 ||     3
 Stab: Sleeping          |     2 |     4 |    11 |    43 ||    60
       Distracted        |       |       |       |     1 ||     1
Armor: Robe              |       |       |       |     6 ||     6
Dodge: Dodged            |     2 |       |     3 |    90 ||    95
Block: Other             |       |       |       |     3 ||     3
